Map: Catalyst LE

Players

liquidthermy (uThermal) - Winner!

  • Race: Terran Terran
  • League: Grandmaster
  • Spawn Location: 11:00

IlIlIlIlIlIl (Strange)

  • Race: Protoss Protoss
  • League: Grandmaster
  • Spawn Location: 5:00

VOD

Have the link to the VOD?

Description

Time

  • Played on: Dec. 2, 2017, 3:55 p.m.
  • Length: 12:11
Show
View Real Time Build Order
Export as new Build Order

liquidthermy Terran - Winner!

Build Orders: Hellion Opening, Bio Tank 

Get SALT Encoding   

  12  0:02  SCV  
  14  0:14  SCV  
  14  0:18  Supply Depot  
  14  0:26  SCV  
  15  0:40  SCV  
  15  0:41  Barracks  
  16  0:45  Refinery  
  16  0:52  SCV  
  17  1:04  SCV  
  18  1:16  SCV  
  19  1:28  Marine  
  19  1:29  Orbital Command  
  20  1:40  Command Center  
  20  1:46  Barracks Reactor  
  20  1:54  Supply Depot  
  20  1:55  SCV  
  21  2:07  SCV  
  22  2:09  Factory  
  22  2:19  SCV  
  23  2:24  Marine x2  
  25  2:31  SCV  
  26  2:41  Marine  
  26  2:42  Marine  
  26  2:43  SCV  
  29  2:44  Bunker  
  29  2:52  Starport  
  29  2:54  Orbital Command  
  29  2:55  SCV  
  30  3:05  Hellion x2  
  33  3:08  Marine  
  34  3:13  SCV  
  36  3:25  SCV  
  36  3:26  Marine, Hellion  
  42  3:27  Hellion  
  42  3:29  Supply Depot  
  42  3:32  Medivac  
  43  3:35  SCV  
  43  3:37  SCV  
  45  3:44  Marine, Supply Depot  
  46  3:51  Hellion x2, SCV  
  46  3:52  SCV  
  52  3:59  Engineering Bay  
  52  4:01  Refinery  
  52  4:03  SCV  
  52  4:04  SCV  
  52  4:05  Barracks Tech Lab  
  54  4:19  Starport Reactor  
  54  4:22  SCV  
  54  4:23  Factory Tech Lab, Barracks  
  56  4:27  Refinery x2  
  56  4:28  Missile Turret  
  56  4:31  Missile Turret  
  56  4:36  Barracks  
  56  4:38  SCV x2  
  56  4:41  Marine  
  58  4:50  SCV x2  
  54  5:02  SCV  
  54  5:03  SCV  
  53  5:08  Marine  
  48  5:14  Siege Tank, SCV  
  48  5:15  Stimpack, SCV  
  48  5:20  Marine x2  
  48  5:23  Terran Infantry Weapons Level 1  
  48  5:26  Starport Reactor, SCV  
  48  5:27  SCV  
  50  5:30  Marine x2  
  50  5:31  Marine  
  53  5:38  Marine x2, SCV  
  53  5:40  Supply Depot  
  56  5:44  Supply Depot  
  56  5:45  SCV  
  56  5:46  Siege Tank  
  56  5:48  Marine x2  
  62  6:01  Marine x2, SCV x2  
  62  6:02  Medivac  
  68  6:05  Medivac  
  68  6:07  Command Center  
  68  6:10  Marine  
  68  6:11  Supply Depot  
  71  6:13  Marine, SCV x2  
  74  6:18  Siege Tank  
  74  6:19  Marine  
  78  6:28  Supply Depot  
  78  6:32  Marine x4, SCV x2  
  83  6:35  Medivac  
  86  6:46  Barracks  
  86  6:47  Barracks  
  86  6:50  Marine x3, SCV, Medivac  
  92  6:57  Siege Tank, Supply Depot  
  94  7:05  Supply Depot  
  94  7:07  Supply Depot  
  94  7:15  Combat Shields  
  94  7:17  Terran Infantry Armor Level 1  
  94  7:18  Marine x3, SCV x2  
  94  7:21  Marine  
  94  7:22  Orbital Command  
  100  7:26  Marine  
  101  7:30  SCV x2  
  101  7:33  Marine, Siege Tank  
  101  7:36  Marine x2  
  109  7:37  Marine  
  109  7:38  Marine  
  110  7:46  Marine, SCV  
  110  7:49  Marine  
  111  7:53  SCV  
  111  7:57  Marine, Medivac  
  111  7:58  Marine  
  114  8:05  Siege Tank  
  117  8:08  Barracks Tech Lab  
  117  8:09  Barracks Tech Lab, SCV x3  
  117  8:12  Marine, Supply Depot  
  116  8:13  Armory  
  116  8:14  Engineering Bay  
  116  8:15  Marine  
  116  8:19  Marine x2  
  117  8:21  SCV x3  
  117  8:23  Medivac  
  123  8:30  Marine  
  123  8:31  Marine x3, Medivac  
  123  8:33  Marine, SCV  
  123  8:34  Concussive Shells  
  123  8:36  SCV  
  123  8:37  Marine x2, Supply Depot  
  123  8:39  Siege Tank  
  129  8:45  SCV  
  129  8:47  Liberator  
  130  8:50  Liberator, Refinery x2  
  130  8:51  Marine, Bunker  
  130  8:52  Supply Depot  
  130  8:53  Missile Turret, Marine, SCV  
  130  8:55  Marine x2  
  133  8:59  Marine, Marauder  
  133  9:01  SCV  
  139  9:08  Marine  
  139  9:09  Marine  
  147  9:17  Marine  
  147  9:18  Marine, Marauder  
  147  9:21  Marauder  
  147  9:23  Supply Depot  
  153  9:24  Marine, Supply Depot  
  153  9:25  Supply Depot  
  153  9:26  Marine  
  153  9:27  Marine  
  156  9:35  Marine  
  157  9:41  Marine, Marauder  
  157  9:43  Marauder  
  157  9:44  Siege Tank  
  130  9:53  Marine x2, Marauder  
  130  9:54  Viking x2  
  130  9:55  Marine  
  130  9:59  Marine  
  131  10:02  Marine  
  131  10:05  Marauder  
  134  10:10  Command Center, Marine  
  134  10:12  Marine  
  134  10:13  Marine  
  137  10:15  Marauder  
  137  10:16  Marine  
  137  10:20  Marine  
  141  10:21  Siege Tank  
  141  10:27  Medivac  
  141  10:28  Medivac  
  148  10:29  Marine  
  148  10:31  Marine  
  150  10:38  Marine x2, Marauder  
  150  10:39  Marauder  
  156  10:48  Marine  
  158  10:50  Marine  
  158  10:55  Siege Tank  
  162  10:58  Supply Depot  
  162  10:59  Viking  
  162  11:00  Viking, Marauder  
  162  11:02  Marine x2  
  170  11:10  Supply Depot  
  168  11:12  Marine x2, Ghost Academy  
  168  11:15  Marine x2  
  172  11:20  Marine  
  172  11:24  Planetary Fortress  
  172  11:27  Marine, Siege Tank, Marauder  
  172  11:29  Marine  
  172  11:30  Marine  
  180  11:33  Marauder  
  182  11:41  Viking x2  
  184  11:47  Marine  
  184  11:48  Marauder  
Show
View Real Time Build Order
Export as new Build Order

IlIlIlIlIlIl Protoss 

Build Orders: 1 Gate Expand 

Get SALT Encoding   

  12  0:00  Probe  
  13  0:13  Probe  
  14  0:17  Pylon  
  14  0:25  Probe (Chrono Boost)  
  15  0:37  Gateway, Probe (Chrono Boost)  
  17  0:45  Probe (Chrono Boost)  
  17  0:46  Assimilator  
  17  0:51  Probe  
  18  1:03  Probe  
  19  1:21  Nexus  
  19  1:32  Cybernetics Core  
  19  1:35  Probe  
  20  1:41  Assimilator  
  20  1:47  Probe  
  21  1:59  Probe  
  22  2:08  Warp Gate  
  22  2:11  Probe, Pylon  
  25  2:30  Stalker (Chrono Boost)  
  25  2:32  Probe  
  25  2:33  Probe  
  27  2:44  Probe  
  27  2:45  Probe  
  27  2:49  Stalker (Chrono Boost)  
  30  2:51  Robotics Facility  
  30  2:56  Probe  
  30  2:57  Probe  
  32  3:08  Probe  
  32  3:09  Stalker (Chrono Boost), Probe  
  36  3:20  Probe  
  36  3:24  Gateway x2  
  36  3:26  Probe  
  38  3:32  Probe  
  39  3:35  Pylon  
  39  3:38  Probe, Observer (Chrono Boost)  
  41  3:44  Probe  
  42  3:50  Robotics Bay, Probe, Observer  
  42  3:55  Assimilator  
  44  3:56  Probe  
  44  3:57  Assimilator  
  44  4:02  Shield Battery, Probe  
  46  4:09  Probe  
  47  4:11  Observer  
  47  4:14  Probe  
  49  4:21  Probe  
  49  4:22  Pylon  
  50  4:26  Probe, Stalker  
  53  4:33  Probe  
  54  4:40  Probe  
  54  4:41  Zealot  
  54  4:45  Probe  
  58  4:47  Stalker  
  58  4:51  Stalker  
  54  4:53  Probe  
  54  4:57  Probe  
  45  5:01  Stalker  
  41  5:11  Probe (Chrono Boost)  
  41  5:12  Probe (Chrono Boost)  
  37  5:23  Probe (Chrono Boost)  
  37  5:24  Probe (Chrono Boost)  
  37  5:25  Probe (Chrono Boost)  
  37  5:26  Probe (Chrono Boost)  
  41  5:37  Probe x2 (Chrono Boost)  
  41  5:40  Probe x2  
  43  5:49  Disruptor (Chrono Boost)  
  46  5:52  Probe  
  46  5:53  Probe  
  48  5:57  Sentry  
  48  6:04  Probe  
  51  6:05  Probe  
  51  6:06  Forge  
  51  6:11  Pylon  
  52  6:16  Probe  
  52  6:17  Disruptor, Probe  
  57  6:25  Twilight Council  
  57  6:28  Probe  
  57  6:29  Probe  
  59  6:39  Protoss Ground Weapons Level 1 (Chrono Boost)  
  59  6:40  Probe  
  59  6:41  Probe  
  61  6:49  Observer  
  61  6:52  Probe  
  61  6:53  Disruptor, Stalker x2  
  69  6:58  Pylon  
  69  7:03  Blink (Chrono Boost)  
  69  7:18  Pylon  
  69  7:19  Gateway  
  69  7:21  Gateway  
  69  7:26  Gateway  
  69  7:29  Disruptor, Gateway  
  72  7:33  Stalker  
  73  7:53  Stalker x2  
  73  8:06  Disruptor  
  76  8:20  Stalker x2  
  76  8:32  Observer  
  74  8:38  Pylon  
  74  8:41  Probe  
  74  8:47  Extended Thermal Lance, Colossus (Chrono Boost)  
  81  8:53  Nexus  
  81  8:55  Pylon  
  81  8:57  Stalker x4  
  81  9:00  Probe x2  
  81  9:01  Observer  
  91  9:07  Protoss Ground Armor Level 1 (Chrono Boost)  
  91  9:12  Probe x2  
  91  9:14  Pylon  
  93  9:24  Probe x2  
  95  9:32  Stalker x4  
  95  9:36  Stalker  
  101  9:52  Observer  
  84  9:56  Colossus (Chrono Boost)  
  84  9:58  Probe x2  
  92  10:03  Assimilator  
  92  10:04  Probe  
  92  10:06  Forge  
  93  10:07  Assimilator  
  93  10:10  Probe, Sentry x2  
  98  10:21  Probe x2, Observer  
  98  10:22  Probe  
  98  10:27  Observer  
  101  10:33  Probe  
  102  10:36  Sentry x2  
  102  10:37  Stalker x3  
  102  10:40  Warp Prism  
  114  10:45  Stalker  
  115  10:51  Stalker  
  115  10:52  Pylon  
  115  10:55  Pylon  
  117  10:58  Pylon  
  123  11:25  Zealot x3  
  123  11:26  Zealot x3  
  135  11:34  Stalker  
  130  11:49  Stalker  
  130  11:50  Stalker x3  
  130  11:52  Stalker  
Tags
 
Add a new tag
Caveats
  • Supply blocks, unpowered buildings, or Contaminate may cause inaccurate times.
  • Supply counts are checked every 10 seconds.